| TOP OF THE 1ST |
|
Quad Cities River Bandits batting - Pitching for Clinton LumberKings : RHP Devon Washington
|
|
Pitching: RHP Devon Washington
|
|
|
Batting: LHB Jose Chavez
|
0-0: Called Strike 0-1: Fly out, F7 (Flyball, 7S, EV 95.6 MPH)
|
|
Batting: RHB Sean Mounts
|
0-0: Called Strike 0-1: Foul Ball, location: 2F 0-2: Ball 1-2: Ball 2-2: Ball 3-2: Strikes out swinging
|
|
Batting: LHB Bob Dietz
|
0-0: Foul Ball, location: 2F 0-1: Ball 1-1: Fly out, F9 (Flyball, 89S, EV 85.6 MPH)
|
| Top of the 1st over - 0 runs, 0 hits, 0 errors, 0 left on base; Quad Cities 0 - Clinton 0 |
| BOTTOM OF THE 1ST |
|
Clinton LumberKings batting - Pitching for Quad Cities River Bandits : RHP Mike Rosen
|
|
Pitching: RHP Mike Rosen
|
|
|
Batting: RHB Nick Edmunds
|
0-0: Called Strike 0-1: Ball 1-1: SINGLE (Groundball, 4MD, EV 100.0 MPH)
|
|
Batting: LHB Nick McGraw
|
0-0: Called Strike Nick Edmunds steals 2nd, throwing error, E2 Nick Edmunds to third 0-1: Ball 1-1: SINGLE (Groundball, 56D, EV 103.1 MPH) Nick Edmunds scores
|
|
Batting: LHB Israel Montoya
|
0-0: Called Strike 0-1: Swinging Strike 0-2: Ball 1-2: Foul Ball, location: 2F 1-2: Ball 2-2: Ball 3-2: Base on Balls Nick McGraw to second
|
|
Batting: LHB Taki Matsui
|
0-0: Ball 1-0: Foul Ball, location: 2F 1-1: Reached via error on a dropped throw from SS, E4 (Groundball, 6, EV 78.1 MPH) Nick McGraw to third Israel Montoya to second
|
|
Batting: SHB Brendan Bundy
|
0-0: Called Strike 0-1: Ball 1-1: Swinging Strike 1-2: Foul Ball, location: 2F 1-2: Grounds into fielders choice U2 (Groundball, 2R, EV 67.5 MPH) Israel Montoya to third Taki Matsui to second
|
|
Batting: RHB Matt Fenimore
|
0-0: Grounds into double play, 5-4-3 (Groundball, 56, EV 88.8 MPH)
|
| Bottom of the 1st over - 1 run, 2 hits, 2 errors, 2 left on base; Quad Cities 0 - Clinton 1 |
| TOP OF THE 2ND |
|
Quad Cities River Bandits batting - Pitching for Clinton LumberKings : RHP Devon Washington
|
|
Batting: RHB Omar Amaya
|
0-0: Called Strike 0-1: Swinging Strike 0-2: Ball 1-2: Ground out 5-3 (Groundball, 56S, EV 71.2 MPH)
|
|
Batting: RHB Cameron Rattenbury
|
0-0: Called Strike 0-1: Ball 1-1: Ball 2-1: Foul Ball, location: 2F 2-2: Strikes out swinging
|
|
Batting: RHB Yoshitoshi Mori
|
0-0: Called Strike 0-1: Swinging Strike 0-2: Strikes out swinging
|
| Top of the 2nd over - 0 runs, 0 hits, 0 errors, 0 left on base; Quad Cities 0 - Clinton 1 |
| BOTTOM OF THE 2ND |
|
Clinton LumberKings batting - Pitching for Quad Cities River Bandits : RHP Mike Rosen
|
|
Batting: LHB Chang Huie
|
0-0: Ball 1-0: Called Strike 1-1: Fly out, F9 (Flyball, 9, EV 90.6 MPH)
|
|
Batting: RHB David Greene
|
0-0: Foul Ball, location: 2F 0-1: Ground out 6-3 (Groundball, 6, EV 86.9 MPH)
|
|
Batting: RHB Omar Solis
|
0-0: Ball 1-0: Foul Ball, location: 2F 1-1: SINGLE (Line Drive, 56D, EV 110.6 MPH)
|
|
Batting: RHB Nick Edmunds
|
0-0: Foul Ball, location: 2F 0-1: Ball 1-1: Ball 2-1: Called Strike Omar Solis steals 2nd, throwing error, E2 Omar Solis to third 2-2: Foul Ball, location: 2F 2-2: Ball 3-2: Foul Ball, location: 2F 3-2: SINGLE (Groundball, 6D, EV 103.1 MPH) Omar Solis scores
|
|
Batting: LHB Nick McGraw
|
0-0: Foul Ball, location: 2F 0-1: Swinging Strike 0-2: SINGLE (Groundball, 56D, EV 96.2 MPH) Nick Edmunds to second Runner from 2nd tries for 3rd, SAFE, throw by LF made to third
|
|
Batting: LHB Israel Montoya
|
0-0: Swinging Strike 0-1: Foul Ball, location: 2F 0-2: Ball 1-2: Ball 2-2: Strikes out looking
|
| Bottom of the 2nd over - 1 run, 3 hits, 1 error, 2 left on base; Quad Cities 0 - Clinton 2 |
| TOP OF THE 3RD |
|
Quad Cities River Bandits batting - Pitching for Clinton LumberKings : RHP Devon Washington
|
|
Batting: LHB Jackson Trottier
|
0-0: Called Strike 0-1: Ball 1-1: Ball 2-1: Ground out 6-3 (Groundball, 6, EV 88.8 MPH)
|
|
Batting: SHB Benoît Morin
|
0-0: Called Strike 0-1: Foul Ball, location: 2F 0-2: Ball 1-2: Ground out U3 (Groundball, 3, EV 81.9 MPH)
|
|
Batting: RHB Oren Jones
|
0-0: Ball 1-0: Called Strike 1-1: Ground out 6-3 (Groundball, 6, EV 83.1 MPH)
|
| Top of the 3rd over - 0 runs, 0 hits, 0 errors, 0 left on base; Quad Cities 0 - Clinton 2 |
| BOTTOM OF THE 3RD |
|
Clinton LumberKings batting - Pitching for Quad Cities River Bandits : RHP Mike Rosen
|
|
Batting: LHB Taki Matsui
|
0-0: Called Strike 0-1: Ball 1-1: Foul Ball, location: 2F 1-2: Ball 2-2: Fly out, F7 (Line Drive, 78M, EV 100.6 MPH)
|
|
Batting: SHB Brendan Bundy
|
0-0: SINGLE (Groundball, 3D, EV 98.1 MPH)
|
|
Batting: RHB Matt Fenimore
|
0-0: Fielders Choice at 2nd, 5-4 (Groundball, 56, EV 81.9 MPH)
|
|
Batting: LHB Chang Huie
|
0-0: Foul Ball, location: 2F 0-1: Foul Ball, location: 2F 0-2: Ball 1-2: Fly out, F7 (Flyball, 7D, EV 94.4 MPH)
|
| Bottom of the 3rd over - 0 runs, 1 hit, 0 errors, 1 left on base; Quad Cities 0 - Clinton 2 |
| TOP OF THE 4TH |
|
Quad Cities River Bandits batting - Pitching for Clinton LumberKings : RHP Devon Washington
|
|
Batting: LHB Jose Chavez
|
0-0: Ball 1-0: Foul Ball, location: 2F 1-1: Ball 2-1: Ball 3-1: Base on Balls
|
|
Batting: RHB Sean Mounts
|
Pickoff Throw to First - Out! 1-3 0-0: Bunted foul 0-1: Ball 1-1: Ball 2-1: Foul Ball, location: 2F 2-2: Ball 3-2: Fly out, F9 (Line Drive, 9, EV 92.5 MPH)
|
|
Batting: LHB Bob Dietz
|
0-0: Foul Ball, location: 2F 0-1: Foul Ball, location: 2F 0-2: Ball 1-2: Ball 2-2: Strikes out swinging
|
| Top of the 4th over - 0 runs, 0 hits, 0 errors, 0 left on base; Quad Cities 0 - Clinton 2 |
| BOTTOM OF THE 4TH |
|
Clinton LumberKings batting - Pitching for Quad Cities River Bandits : RHP Mike Rosen
|
|
Batting: RHB David Greene
|
0-0: Ball 1-0: Called Strike 1-1: Called Strike 1-2: Ball 2-2: Foul Ball, location: 2F 2-2: Strikes out swinging
|
|
Batting: RHB Omar Solis
|
0-0: Ball 1-0: Ball 2-0: Foul Ball, location: 2F 2-1: Swinging Strike 2-2: Foul Ball, location: 2F 2-2: Strikes out looking
|
|
Batting: RHB Nick Edmunds
|
0-0: Called Strike 0-1: Ball 1-1: Ball 2-1: Ground out 5-3 (Groundball, 5, EV 85.0 MPH)
|
| Bottom of the 4th over - 0 runs, 0 hits, 0 errors, 0 left on base; Quad Cities 0 - Clinton 2 |
| TOP OF THE 5TH |
|
Quad Cities River Bandits batting - Pitching for Clinton LumberKings : RHP Devon Washington
|
|
Batting: RHB Omar Amaya
|
0-0: Foul Ball, location: 2F 0-1: Called Strike 0-2: Ball 1-2: Ball 2-2: Foul Ball, location: 2F 2-2: Foul Ball, location: 2F 2-2: Strikes out looking
|
|
Batting: RHB Cameron Rattenbury
|
0-0: Swinging Strike 0-1: Fly out, F7 (Flyball, 78S, EV 89.4 MPH)
|
|
Batting: RHB Yoshitoshi Mori
|
0-0: Ground out 3-1 (Groundball, 34, EV 82.5 MPH)
|
| Top of the 5th over - 0 runs, 0 hits, 0 errors, 0 left on base; Quad Cities 0 - Clinton 2 |
| BOTTOM OF THE 5TH |
|
Clinton LumberKings batting - Pitching for Quad Cities River Bandits : RHP Mike Rosen
|
|
Batting: LHB Nick McGraw
|
0-0: Ball 1-0: Ball 2-0: Swinging Strike 2-1: Ball 3-1: Foul Ball, location: 2F 3-2: Base on Balls
|
|
Batting: LHB Israel Montoya
|
0-0: Called Strike 0-1: Swinging Strike 0-2: Strikes out swinging
|
|
Batting: LHB Taki Matsui
|
0-0: Ball Wild Pitch! Nick McGraw to second 1-0: Called Strike 1-1: Ball Wild Pitch! Nick McGraw to third 2-1: Foul Ball, location: 2F 2-2: Foul Ball, location: 2F 2-2: Strikes out swinging
|
|
Batting: SHB Brendan Bundy
|
0-0: Foul Ball, location: 2F 0-1: Ground out 5-3 (Groundball, 5S, EV 69.4 MPH)
|
| Bottom of the 5th over - 0 runs, 0 hits, 0 errors, 1 left on base; Quad Cities 0 - Clinton 2 |
| TOP OF THE 6TH |
|
Quad Cities River Bandits batting - Pitching for Clinton LumberKings : RHP Devon Washington
|
|
Batting: LHB Jackson Trottier
|
0-0: Ball 1-0: Called Strike 1-1: Ground out 4-3 (Groundball, 34, EV 88.1 MPH)
|
|
Batting: SHB Benoît Morin
|
0-0: Called Strike 0-1: Ball 1-1: SINGLE (Groundball, 5S, EV 67.5 MPH) (infield hit)
|
|
Batting: RHB Oren Jones
|
0-0: Ball 1-0: Grounds into double play, 5-4-3 (Groundball, 56, EV 81.9 MPH)
|
| Top of the 6th over - 0 runs, 1 hit, 0 errors, 0 left on base; Quad Cities 0 - Clinton 2 |
| BOTTOM OF THE 6TH |
|
Clinton LumberKings batting - Pitching for Quad Cities River Bandits : RHP Mike Rosen
|
|
Batting: RHB Matt Fenimore
|
0-0: Swinging Strike 0-1: Foul Ball, location: 2F 0-2: SOLO HOME RUN (Flyball, 7D, EV 103.8 MPH), Distance : 405 ft
|
|
Batting: LHB Chang Huie
|
0-0: Called Strike 0-1: Ball 1-1: Swinging Strike 1-2: Strikes out swinging
|
|
Batting: RHB David Greene
|
0-0: Ball 1-0: Called Strike 1-1: Ball 2-1: Called Strike 2-2: Ball 3-2: Strikes out swinging
|
|
Batting: RHB Omar Solis
|
0-0: Called Strike 0-1: Fly out, F8 (Flyball, 8LS, EV 90.0 MPH)
|
| Bottom of the 6th over - 1 run, 1 hit, 0 errors, 0 left on base; Quad Cities 0 - Clinton 3 |
| TOP OF THE 7TH |
|
Quad Cities River Bandits batting - Pitching for Clinton LumberKings : RHP Devon Washington
|
|
Batting: LHB Jose Chavez
|
0-0: Called Strike 0-1: Ball 1-1: Foul Ball, location: 2F 1-2: Foul Ball, location: 2F 1-2: Ball 2-2: Ground out 5-3 (Groundball, 56S, EV 83.8 MPH)
|
|
Batting: RHB Sean Mounts
|
0-0: Called Strike 0-1: Foul Ball, location: 2F 0-2: Ball 1-2: Fly out, F9 (Line Drive, 89M, EV 91.9 MPH)
|
|
Batting: LHB Bob Dietz
|
0-0: Called Strike 0-1: Ball 1-1: Swinging Strike 1-2: Foul Ball, location: 2F 1-2: Foul Ball, location: 2F 1-2: Ball 2-2: Foul Ball, location: 2F 2-2: Foul Ball, location: 2F 2-2: Ball 3-2: SINGLE (Groundball, 56D, EV 106.9 MPH)
|
|
Batting: RHB Omar Amaya
|
0-0: Called Strike 0-1: Ball 1-1: Ball 2-1: Foul Ball, location: 2F 2-2: Ball 3-2: Foul Ball, location: 2F 3-2: Ground out 6-3 (Groundball, 6, EV 96.2 MPH)
|
| Top of the 7th over - 0 runs, 1 hit, 0 errors, 1 left on base; Quad Cities 0 - Clinton 3 |
| BOTTOM OF THE 7TH |
|
Clinton LumberKings batting - Pitching for Quad Cities River Bandits : RHP Mike Rosen
|
|
Batting: RHB Nick Edmunds
|
0-0: Ball 1-0: Ground out 5-3 (Groundball, 56, EV 96.9 MPH)
|
|
Batting: LHB Nick McGraw
|
0-0: Called Strike 0-1: Ball 1-1: Ball 2-1: Foul Ball, location: 2F 2-2: Ball 3-2: SOLO HOME RUN (Flyball, 9D, EV 100.0 MPH), Distance : 401 ft
|
|
Batting: LHB Israel Montoya
|
0-0: Called Strike 0-1: Ground out 4-3 (Groundball, 34, EV 80.0 MPH)
|
|
Batting: LHB Taki Matsui
|
0-0: Ball 1-0: Ball 2-0: Foul Ball, location: 2F 2-1: Called Strike 2-2: Ball 3-2: SINGLE (Line Drive, 89S, EV 93.1 MPH)
|
|
Pitching: RHP Kevin Zika
|
|
|
Batting: SHB Brendan Bundy
|
0-0: Ball 1-0: Ball 2-0: Called Strike 2-1: Foul Ball, location: 2F 2-2: DOUBLE (Flyball, 78XD, EV 107.5 MPH) Taki Matsui to third
|
|
Batting: RHB Matt Fenimore
|
0-0: Ball 1-0: Called Strike 1-1: Foul Ball, location: 2F 1-2: 3-RUN HOME RUN (Flyball, 7LD, EV 94.4 MPH), Distance : 364 ft
|
|
Batting: LHB Chang Huie
|
0-0: Fly out, F9 (Line Drive, 89M, EV 88.8 MPH)
|
| Bottom of the 7th over - 4 runs, 4 hits, 0 errors, 0 left on base; Quad Cities 0 - Clinton 7 |
| TOP OF THE 8TH |
|
Quad Cities River Bandits batting - Pitching for Clinton LumberKings : RHP Devon Washington
|
|
Pitching: RHP Rickey DuMire
|
|
|
Batting: RHB Cameron Rattenbury
|
0-0: Ball 1-0: Foul Ball, location: 2F 1-1: Ball 2-1: Ball 3-1: Swinging Strike 3-2: DOUBLE (Groundball, 5L, EV 94.4 MPH)
|
|
Batting: RHB Yoshitoshi Mori
|
0-0: Foul Ball, location: 2F 0-1: Swinging Strike 0-2: Foul Ball, location: 2F 0-2: Hit by Pitch
|
|
Batting: LHB Jackson Trottier
|
0-0: Fielders Choice at 2nd, 3-6 (Groundball, 34, EV 86.2 MPH) Cameron Rattenbury to third
|
|
Batting: SHB Benoît Morin
|
0-0: Called Strike 0-1: Fly out, F8 (Flyball, 8RD, EV 100.0 MPH) Runner from 3rd tags up, SCORES, throw by CF
|
|
Pinch Hitting: LHB Aldo Kok
|
0-0: DOUBLE (Flyball, 8LXD, EV 88.1 MPH) Jackson Trottier to third Runner from 3rd tries for Home, SAFE, throw by CF to home
|
|
Batting: LHB Jose Chavez
|
0-0: Called Strike 0-1: Fly out, F7 (Flyball, 78M, EV 85.0 MPH)
|
| Top of the 8th over - 2 runs, 2 hits, 0 errors, 1 left on base; Quad Cities 2 - Clinton 7 |
| BOTTOM OF THE 8TH |
|
Clinton LumberKings batting - Pitching for Quad Cities River Bandits : RHP Kevin Zika
|
|
Now at SS: Xavier Castaneda
|
|
|
Batting: RHB David Greene
|
0-0: Ball 1-0: Ball 2-0: Ball 3-0: Base on Balls
|
|
Batting: RHB Omar Solis
|
0-0: Ball 1-0: Foul Ball, location: 2F 1-1: Ball 2-1: Foul Ball, location: 2F 2-2: Ball David Greene is caught stealing 2nd base 2-4 3-2: Strikes out looking
|
|
Pitching: RHP Jose Herrera
|
|
|
Batting: RHB Nick Edmunds
|
0-0: Ball 1-0: Foul Ball, location: 2F 1-1: Reached on error, E4 (Groundball, 4M, EV 91.2 MPH)
|
|
Batting: LHB Nick McGraw
|
0-0: Ball 1-0: Called Strike 1-1: Ground out U3 (Groundball, 3L, EV 95.6 MPH)
|
| Bottom of the 8th over - 0 runs, 0 hits, 1 error, 1 left on base; Quad Cities 2 - Clinton 7 |
| TOP OF THE 9TH |
|
Quad Cities River Bandits batting - Pitching for Clinton LumberKings : RHP Rickey DuMire
|
|
Batting: RHB Sean Mounts
|
0-0: Ball 1-0: Swinging Strike 1-1: Fly out, F4 (Popup, 4, EV 64.4 MPH)
|
|
Batting: LHB Bob Dietz
|
0-0: Ball 1-0: Ball 2-0: Fly out, F7 (Flyball, 7, EV 82.5 MPH)
|
|
Batting: RHB Omar Amaya
|
0-0: Ball 1-0: Fly out, F9 (Flyball, 9D, EV 102.5 MPH)
|
| Top of the 9th over - 0 runs, 0 hits, 0 errors, 0 left on base; Quad Cities 2 - Clinton 7 |
|